Map: Jagannatha LE

Players

Nina

  • Race: Protoss Protoss
  • League: Grandmaster
  • Spawn Location: 7:00

MaSa - Winner!

  • Race: Terran Terran
  • League: Master
  • Spawn Location: 1:00

Event: DreamHack SC2 Masters 2020 Winter

VOD

Have the link to the VOD?

Description

Time

  • Played on: Nov. 5, 2020, 4:13 p.m.
  • Length: 15:26

All games in this series

Show
View Real Time Build Order
Export as new Build Order

Nina Protoss 

Build Orders: Blink Stalkers, Colossus Rush 

Get SALT Encoding   

  12  0:00  Probe  
  13  0:12  Probe  
  14  0:18  Pylon  
  14  0:24  Probe  
  15  0:37  Gateway  
  15  0:39  Probe  
  16  0:50  Assimilator  
  16  0:52  Probe (Chrono Boost)  
  17  1:03  Probe (Chrono Boost)  
  18  1:09  Probe (Chrono Boost)  
  19  1:18  Probe  
  20  1:24  Cybernetics Core  
  20  1:37  Probe  
  21  1:42  Pylon  
  21  1:46  Nexus  
  21  1:49  Probe  
  22  2:01  Assimilator  
  22  2:03  Nexus  
  22  2:04  Probe  
  22  2:10  Stalker (Chrono Boost)  
  24  2:16  Probe  
  25  2:23  Warp Gate  
  25  2:32  Stalker, Probe  
  28  2:43  Pylon  
  28  2:44  Probe  
  28  2:51  Twilight Council  
  29  2:56  Probe  
  30  3:08  Probe  
  31  3:14  Gateway  
  31  3:17  Sentry  
  34  3:21  Probe (Chrono Boost)  
  34  3:22  Gateway  
  34  3:25  Probe (Chrono Boost)  
  35  3:33  Probe (Chrono Boost)  
  37  3:35  Probe (Chrono Boost)  
  37  3:39  Blink, Probe (Chrono Boost)  
  38  3:42  Probe (Chrono Boost)  
  39  3:54  Probe (Chrono Boost)  
  39  3:55  Probe (Chrono Boost)  
  41  3:58  Pylon  
  41  4:02  Probe (Chrono Boost)  
  43  4:04  Robotics Facility, Probe (Chrono Boost)  
  40  4:10  Probe  
  38  4:18  Probe (Chrono Boost)  
  38  4:21  Stalker  
  38  4:22  Probe (Chrono Boost)  
  42  4:28  Assimilator  
  42  4:30  Assimilator, Probe (Chrono Boost)  
  43  4:36  Probe (Chrono Boost)  
  45  4:38  Probe (Chrono Boost)  
  45  4:39  Stalker  
  45  4:41  Probe (Chrono Boost)  
  45  4:44  Probe  
  48  4:48  Stalker  
  48  4:51  Probe  
  51  4:58  Phoenix  
  51  4:59  Probe  
  49  5:01  Observer  
  49  5:03  Probe  
  51  5:08  Robotics Bay  
  51  5:11  Probe  
  51  5:13  Stalker  
  54  5:15  Probe  
  55  5:23  Probe  
  55  5:27  Probe  
  57  5:30  Pylon  
  57  5:31  Observer  
  58  5:35  Probe  
  58  5:37  Nexus  
  58  5:39  Probe  
  60  5:47  Charge (Chrono Boost), Probe  
  61  5:51  Probe  
  61  5:53  Colossus (Chrono Boost)  
  68  6:00  Probe  
  68  6:03  Probe  
  70  6:06  Pylon  
  70  6:07  Extended Thermal Lance  
  70  6:08  Observer  
  70  6:18  Gateway, Shield Battery  
  70  6:22  Gateway  
  70  6:24  Probe  
  71  6:26  Sentry x2  
  71  6:31  Probe  
  76  6:36  Probe  
  77  6:43  Probe  
  77  6:44  Observer  
  77  6:46  Colossus (Chrono Boost)  
  78  6:48  Shield Battery, Probe  
  78  6:54  Zealot x2  
  87  6:55  Zealot  
  87  6:58  Pylon  
  87  7:00  Probe  
  90  7:03  Probe  
  90  7:05  Probe  
  92  7:12  Probe  
  93  7:16  Forge, Probe  
  93  7:17  Probe  
  95  7:24  Probe  
  95  7:26  Pylon  
  95  7:27  Zealot x2  
  95  7:28  Probe  
  101  7:31  Pylon  
  101  7:32  Pylon  
  101  7:39  Forge  
  101  7:43  Disruptor  
  101  7:44  Probe x2  
  106  7:45  Pylon  
  106  7:46  Protoss Ground Weapons Level 1 (Chrono Boost), Probe  
  107  7:56  Probe x2  
  107  7:58  Probe  
  108  7:59  Zealot  
  108  8:00  Zealot x3  
  111  8:09  Probe  
  104  8:16  Stalker  
  106  8:20  Probe  
  106  8:24  Zealot x4  
  106  8:25  Probe  
  112  8:36  Probe  
  88  8:41  Stalker  
  88  8:48  Probe, Sentry x2  
  87  8:49  Sentry  
  87  8:50  Probe x2  
  87  8:52  Nexus  
  87  8:54  Stalker  
  97  9:00  Probe  
  97  9:01  Protoss Ground Armor Level 1 (Chrono Boost)  
  95  9:05  Colossus (Chrono Boost)  
  101  9:12  Stalker x3  
  108  9:17  Probe  
  108  9:18  Probe  
  108  9:20  Robotics Facility  
  108  9:22  Assimilator  
  108  9:23  Assimilator  
  109  9:33  Gateway  
  109  9:34  Gateway  
  109  9:37  Probe  
  110  9:38  Pylon  
  110  9:40  Pylon  
  110  9:43  Photon Cannon, Stalker  
  110  9:44  Stalker  
  110  9:45  Protoss Ground Weapons Level 2 (Chrono Boost)  
  119  9:56  Disruptor  
  119  9:58  Zealot x3  
  122  10:04  Templar Archives  
  122  10:06  Pylon  
  122  10:07  Stalker  
  124  10:09  Pylon  
  124  10:11  Probe  
  124  10:12  Probe  
  124  10:13  Probe  
  127  10:16  Stalker  
  123  10:23  Zealot x2  
  123  10:25  Zealot  
  109  10:29  Zealot x2  
  109  10:32  Zealot  
  95  10:39  Zealot  
  95  10:42  Disruptor x2  
  90  10:47  Zealot x3  
  96  10:51  High Templar x2, Shield Battery  
  96  10:55  Archon  
  100  10:58  Zealot x2  
  99  11:05  Zealot x3  
  93  11:17  Zealot x2  
  95  11:18  Zealot  
  95  11:24  Zealot  
  95  11:25  Zealot x2  
  92  11:26  Zealot  
  83  11:40  Stalker x3  
  83  11:42  Disruptor x2  
  83  11:45  Stalker x4  
  83  11:46  Probe  
  104  11:48  Probe  
  104  11:49  Pylon  
  97  12:02  Stalker x4  
  91  12:17  Zealot x3  
  96  12:27  Zealot x2  
  91  12:37  Zealot x3  
  91  12:38  Sentry  
  91  12:40  Zealot  
  96  12:44  Disruptor  
  96  12:47  Protoss Ground Armor Level 2  
  96  12:48  Robotics Facility  
  97  12:51  Zealot  
  97  12:52  Zealot  
  92  12:59  Probe  
  92  13:02  Stalker  
  95  13:08  Stalker x4  
  95  13:24  Zealot x2  
  93  13:31  Robotics Facility  
  87  13:40  Probe  
  77  13:46  Zealot x5  
  73  13:48  Zealot x4  
  70  14:02  Pylon  
  56  14:03  Pylon  
  56  14:04  Zealot x6  
  56  14:06  Probe x2  
  56  14:08  Pylon  
  56  14:09  Probe  
  71  14:19  Probe  
  71  14:20  Disruptor (Chrono Boost)  
  71  14:22  Probe  
  76  14:26  High Templar x3  
  76  14:30  High Templar  
  76  14:31  Archon  
  82  14:34  Archon  
  82  14:37  Zealot x2  
  86  14:40  Probe  
  86  14:41  Probe  
  75  14:53  Zealot  
  63  15:02  Stalker x2  
  63  15:03  Stalker  
Show
View Real Time Build Order
Export as new Build Order

MaSa Terran - Winner!

Build Orders:  

Get SALT Encoding   

  12  0:00  SCV  
  13  0:12  SCV  
  14  0:17  Supply Depot  
  14  0:24  SCV  
  15  0:39  SCV  
  15  0:40  Barracks  
  16  0:47  Refinery  
  16  0:51  SCV  
  17  1:03  SCV  
  18  1:07  Engineering Bay  
  18  1:15  SCV  
  19  1:27  Marine  
  19  1:28  Orbital Command  
  20  1:39  Supply Depot  
  20  1:54  SCV  
  21  1:56  Factory  
  21  2:06  SCV, Barracks Reactor  
  22  2:17  Command Center  
  22  2:21  SCV  
  23  2:26  Refinery  
  23  2:33  SCV  
  24  2:43  Starport  
  24  2:46  SCV  
  24  2:48  Hellion  
  24  2:50  Hellion  
  29  2:56  Supply Depot  
  29  2:59  Starport  
  29  3:00  SCV  
  29  3:04  Barracks Tech Lab  
  30  3:18  SCV, Hellion x2  
  35  3:24  Marine  
  36  3:29  Orbital Command  
  36  3:36  Medivac  
  36  3:38  SCV  
  39  3:50  SCV, Bunker  
  39  3:51  Marine x2  
  42  3:55  Siege Tank  
  42  3:57  SCV  
  46  4:03  SCV  
  46  4:09  Marine x2, SCV  
  50  4:16  SCV  
  49  4:18  Starport Tech Lab  
  49  4:22  SCV  
  50  4:25  Supply Depot  
  50  4:27  Marine x2  
  50  4:30  SCV  
  53  4:41  Command Center  
  53  4:45  SCV  
  54  4:46  Raven  
  54  4:51  Supply Depot  
  54  4:58  SCV  
  54  4:59  Marine x2, Siege Tank  
  56  5:00  Barracks  
  56  5:08  Supply Depot, Engineering Bay  
  56  5:10  SCV  
  56  5:13  Barracks  
  57  5:18  SCV, Refinery  
  57  5:20  Marine  
  59  5:22  SCV  
  60  5:30  SCV  
  60  5:31  Siege Tank  
  60  5:34  SCV  
  65  5:36  Starport Tech Lab  
  65  5:39  Marine x2  
  65  5:41  Terran Infantry Weapons Level 1  
  65  5:42  SCV  
  68  5:46  SCV  
  69  5:53  Supply Depot  
  69  5:54  SCV, Orbital Command  
  70  5:58  SCV  
  70  6:03  Starport Reactor  
  71  6:05  Marine x2  
  71  6:06  Supply Depot, SCV  
  71  6:08  Stimpack  
  71  6:09  Marauder  
  71  6:10  SCV, Marauder  
  79  6:15  Supply Depot  
  79  6:16  Refinery  
  79  6:18  SCV  
  79  6:20  Siege Tank  
  79  6:22  SCV  
  79  6:24  Marine x2, Orbital Command  
  86  6:30  Marauder  
  86  6:32  Marauder, SCV  
  89  6:42  SCV  
  90  6:50  Marine x2  
  90  6:51  Medivac x2, Marauder  
  90  6:53  SCV  
  97  6:54  SCV  
  97  6:58  Barracks  
  97  6:59  Barracks  
  97  7:01  Siege Tank  
  97  7:04  SCV  
  101  7:09  Combat Shield, Marine x2, Supply Depot  
  101  7:10  Missile Turret  
  101  7:13  Marauder  
  101  7:14  SCV  
  101  7:15  SCV  
  107  7:24  SCV  
  107  7:26  Marauder  
  107  7:27  Medivac  
  107  7:28  Marine x2, SCV  
  107  7:29  SCV  
  116  7:30  Refinery  
  116  7:31  Supply Depot, Refinery  
  116  7:33  Supply Depot  
  116  7:34  Marauder  
  116  7:36  SCV, Supply Depot  
  119  7:40  Siege Tank  
  121  7:50  SCV x3  
  124  7:51  Terran Infantry Armor Level 1  
  124  7:55  Barracks Tech Lab, Marauder x2  
  128  8:02  SCV  
  128  8:04  Marine x2  
  131  8:11  Medivac  
  131  8:14  SCV x2  
  131  8:15  SCV  
  131  8:16  Marauder  
  131  8:17  Marauder, Supply Depot x2  
  136  8:26  SCV  
  137  8:27  Command Center  
  137  8:28  Siege Tank  
  120  8:43  Barracks Tech Lab, Marine x2, Marauder x2  
  120  8:48  SCV  
  119  8:49  Concussive Shells  
  119  8:50  Medivac x2  
  123  9:00  SCV x3  
  123  9:01  Command Center  
  124  9:06  Marine x2  
  124  9:07  Marauder x3  
  124  9:09  Marauder  
  126  9:14  Siege Tank  
  126  9:16  SCV  
  125  9:19  SCV  
  125  9:23  Medivac  
  125  9:24  Marine  
  126  9:25  Medivac  
  126  9:27  Barracks  
  126  9:28  Marauder  
  126  9:30  Sensor Tower  
  131  9:34  Barracks x2  
  131  9:36  Marauder  
  131  9:37  Marauder  
  135  9:43  Marine, Marauder  
  138  9:46  Marine  
  138  9:47  Missile Turret  
  138  9:48  SCV x2  
  138  9:49  Marauder  
  138  9:50  SCV  
  144  9:56  Siege Tank  
  144  9:57  Marine, Marauder  
  144  9:58  Armory, Engineering Bay  
  144  9:59  Medivac  
  151  10:04  Marine  
  151  10:05  Marauder  
  154  10:08  SCV  
  154  10:09  SCV x2  
  154  10:11  Marauder, Planetary Fortress  
  142  10:36  Marine  
  142  10:37  Marauder x2  
  142  10:41  SCV x3  
  146  10:44  Marauder  
  146  10:45  Barracks Tech Lab, Marauder, Refinery x2, Barracks Reactor x2  
  146  10:46  Marine  
  146  10:47  Siege Tank  
  154  10:50  Medivac x2  
  154  10:54  Marine  
  159  10:58  Marine, Marauder  
  161  11:04  Marine  
  161  11:06  Marauder x2  
  161  11:08  Marauder  
  161  11:10  SCV  
  166  11:12  Marine, Command Center  
  166  11:16  Marauder  
  160  11:20  Siege Tank, Terran Infantry Armor Level 2, Marauder, Terran Infantry Weapons Level 2  
  160  11:22  Marine  
  166  11:27  Marine, Marauder  
  166  11:29  Marine  
  170  11:34  Medivac x2  
  170  11:35  Marine x4  
  170  11:36  Marine  
  170  11:38  Marauder  
  174  11:40  Planetary Fortress  
  174  11:41  Marauder  
  174  11:44  Marine  
  174  11:45  Marauder  
  179  11:47  Missile Turret  
  179  11:48  Marauder  
  179  11:49  Marauder  
  179  11:53  Marine x2  
  185  11:57  Terran Ship Weapons Level 1  
  185  11:58  Marine x3  
  185  11:59  Marauder  
  185  12:01  SCV x3  
  187  12:02  Marauder  
  187  12:04  Medivac x2  
  187  12:05  Command Center  
  187  12:07  Marauder  
  191  12:10  Marine  
  191  12:11  Marauder x2  
  191  12:13  SCV  
  185  12:20  Marauder  
  185  12:22  Marine x2  
  181  12:24  Marauder, Command Center  
  181  12:27  Command Center  
  181  12:28  Marauder  
  174  12:39  Marine  
  174  12:40  Siege Tank, Marine x2, Marauder x2  
  174  12:41  Medivac x2  
  188  12:47  Marine x2, Marauder  
  188  12:48  Marauder  
  188  12:49  Marauder  
  188  12:58  Marine  
  188  13:01  Marauder x2  
  182  13:09  Marauder  
  182  13:11  Medivac  
  182  13:12  Medivac  
  174  13:13  Siege Tank, Planetary Fortress  
  174  13:19  Marine x2, Marauder x2  
  177  13:23  Marauder  
  177  13:26  Marine, Marauder  
  179  13:30  Marauder  
  158  13:42  Marine  
  158  13:43  Marauder x2  
  158  13:46  Marine x3  
  158  13:47  Siege Tank, Marauder x2, Marine, Medivac x2  
  156  13:56  Marine, Marauder  
  156  14:00  Marine  
  147  14:04  Marine x4, Marauder  
  147  14:05  Orbital Command  
  147  14:07  Marine  
  147  14:08  Marauder  
  147  14:09  Marauder  
  156  14:10  Orbital Command  
  156  14:11  Orbital Command  
  156  14:17  Medivac x2  
  156  14:19  Marauder, Siege Tank  
  156  14:20  Refinery  
  156  14:22  Marauder  
  167  14:27  Refinery  
  167  14:28  Marine x3, Refinery, Marauder  
  167  14:29  Marauder  
  167  14:30  Marauder  
  176  14:37  Marine  
  177  14:41  Marauder  
  177  14:43  Marauder  
  181  14:47  Medivac x2  
  181  14:48  Marine x3  
  181  14:49  Marauder  
  181  14:51  Marauder x2  
  181  14:52  Siege Tank  
  192  14:57  Marine x3  
  186  15:02  Marauder  
  186  15:06  Marine  
  181  15:21  Barracks x2  
Tags
 
Add a new tag
Caveats
  • Supply blocks, unpowered buildings, or Contaminate may cause inaccurate times.
  • Supply counts are checked every 10 seconds.